 Dungeon Crawl Stone Soup version 0.18.1-48-g4cf74bf (webtiles) character file.

66929 TrCK the Brawler (level 14, -2/143 HPs)
             Began as a Troll Fighter on Aug 31, 2016.
             Slain by a cyclops (19 damage)
             ... on level 15 of the Dungeon.
             The game lasted 01:02:17 (19848 turns).

TrCK the Brawler (Troll Fighter)                   Turns: 19848, Time: 01:02:18

Health: -2/143     AC: 16    Str: 24 (27) XL:     14   Next: 81%
Magic:  19/19      EV: 22    Int:  4      God:    Xom [.....*]
Gold:   1245       SH:  0    Dex: 22      Spells: 0 memorised, 13 levels left

rFire  + . .     SeeInvis +       - Unarmed
rCold  + + .     Gourm    +     c - +2 animal skin
rNeg   . . .     Faith    .     (no shield)
rPois  .         Spirit   .     (helmet restricted)
rElec  .         Dismiss  .     h - +1 cloak "Jovo Unk" {rF+ Dex+3}
rCorr  .         Reflect  .     (gloves unavailable)
SustAt .         Harm     .     (boots unavailable)
MR     +....                    (no amulet)
Stlth  +++.......               Y - ring of see invisible
                                P - ring of protection from cold (curse)

@: agile, somewhat resistant to hostile enchantments, fairly stealthy
A: unfitting armour, claws 3, molten scales 2, rough black scales 1, see
invisible, agile 1, cold resistance 1, deterioration 2, fast metabolism 3,
gourmand, regeneration 3, screaming 1, shaggy fur 1, tough skin 2, wild magic 1,
evolution 1, MP-powered wands
a: Renounce Religion


You were on level 15 of the Dungeon.
You worshipped Xom.
You were Xom's teddy bear.
You were very full.

You visited 3 branches of the dungeon, and saw 22 of its levels.

You collected 1639 gold pieces.
You spent 394 gold pieces at shops.

Inventory:

Hand Weapons
 J - a +5 blowgun
Missiles
 a - 5 large rocks
 k - 649 stones
 l - 2 throwing nets
 x - 21 tomahawks (quivered)
 L - 9 curare-tipped needles
 M - 3 tomahawks of returning
Armour
 b - a +0 shield
 c - a +2 animal skin (worn)
 h - the +1 cloak "Jovo Unk" (worn) {rF+ Dex+3}
   (You bought it in a shop on level 6 of the Dungeon)

   It affects your dexterity (+3).
   It protects you from fire.
Rods
 O - a +3 lightning rod (12/12)
   (You found it on level 1 of the Lair of Beasts)
Jewellery
 G - an uncursed ring of fire
 P - a cursed ring of protection from cold (left claw)
 Y - a ring of see invisible (right claw)
Wands
 y - a wand of acid (7/15)
 N - a wand of disintegration (4/24)
 Q - a wand of lightning (8/15)
 R - a wand of flame (30/48)
 S - a wand of acid (9/15)
 U - a wand of acid (8/15)
 V - a wand of paralysis (13/24)
Scrolls
 j - 5 scrolls of amnesia
 n - 9 scrolls of magic mapping
 u - 15 scrolls of remove curse
 C - 5 scrolls of enchant armour
 E - a scroll of blinking
 W - 3 scrolls of recharging
Potions
 g - a potion of haste
 i - 6 potions of curing
 m - 3 potions of lignification
 o - 4 potions of flight
 r - 4 potions of agility
 t - a potion of resistance
 w - a potion of magic
 B - a potion of invisibility
 D - a potion of cancellation
 F - 2 potions of cure mutation
 I - 8 potions of brilliance
Miscellaneous
 A - a fan of gales
 H - a box of beasts {used: 6}
Comestibles
 d - 15 bread rations
 f - 9 meat rations
 p - 7 royal jellies
 q - 3 beef jerkies
 s - 13 fruits
 T - a slice of pizza


   Skills:
 - Level 10.0 Fighting
 - Level 10.1 Throwing
 + Level 9.1 Dodging
 - Level 2.4 Shields
 - Level 15.0 Unarmed Combat
 + Level 8.8 Evocations


You had 13 spell levels left.
You didn't know any spells.

Dungeon Overview and Level Annotations

Branches:
Dungeon (12/15)            Temple (1/1) D:4            Lair (8/8) D:11
 Shoals (0/4) Lair:3        Snake (0/4) Lair:5        Slime (0/6) Lair:6
    Orc (0/2) D:10

Altars:
Ashenzari
Cheibriados
Dithmenos
Elyvilon
Fedhas
Gozag
Kikubaaqudgha
Makhleb
Nemelex Xobeh
Okawaru
Pakellas
Qazlal
Ru
Sif Muna
Trog
Vehumet
Xom
Yredelemnul
Zin
The Shining One

Shops:
D:6 [   D:7 !   D:8 %:[

Annotations:
D:3 exclusion: oklob plant


Innate Abilities, Weirdness & Mutations

You are too large for most types of armour.
You have claws for hands.
Your metabolism is lightning-fast.
You like to eat raw meat.
You regenerate.
You are covered in fur (AC +1).
You have very tough skin (AC +2).
You are mostly covered in molten scales (AC +3, EV -1).
You are partially covered in rough black scales (AC +4, Dex -1).
You have supernaturally acute eyesight.
You are agile. (Dex +2)
Your flesh is cold resistant.
Your body often deteriorates upon taking damage.
You occasionally shout uncontrollably at your foes.
Your spells are a little harder to cast, but a little more powerful.
You evolve.
You expend magic power (3 MP) to strengthen your wands.


Message History

You feel resistant to cold.
You feel agile.
Your vision sharpens.
You feel nature experimenting on you.
Don't worry, failures die fast.
The yaktaur shoots a bolt.
The bolt hits you!!
* * * LOW HITPOINT WARNING * * *
Your body deteriorates!
You feel weakened. The cyclops hits you!!
* * * LOW HITPOINT WARNING * * *
You see here a bolt.
Drink which item? (? for menu, Esc to quit)
You feel agile all of a sudden.
The yaktaur shoots a bolt.
The bolt misses you. The cyclops hits you!
* * * LOW HITPOINT WARNING * * *
Unknown command.
Drink which item? (? for menu, Esc to quit)
You feel better.
You mangle the cyclops!! You claw the cyclops!!
The cyclops is almost dead.
The yaktaur shoots a bolt.
The bolt completely misses you. The cyclops hits you!!
You die...

#..## ..#......
#._..##)....#.##
..##...##/#C)..#
........)).)))()#
#....##....#(#..#
#..........#C(..#
#....._#.).(#c#.#
#........#.C#...#
#.....)..#).@#..#
.......)).#(#..#
........=(#..#.#
###.......(..#.#
##############


You could see a cyclops and a yaktaur.

Vanquished Creatures
  A spark wasp (Lair:8)
  A merfolk impaler (Lair:3)
  8 hydras
  4 catoblepae
  Erolcha (D:8)
  An ogre mage (D:15)
  4 death yaks (Lair:4)
  The ghost of Sanvar the Blocker, a novice GrFi of Ashenzari (D:9)
  Sonja (Lair:3)
  An unseen horror (D:12)
  4 lindwurms (Lair:3)
  A hill giant (D:11)
  A cyclops (D:10)
  A griffon (Lair:8)
  3 manticores
  5 ugly things (D:15)
  14 elephants
  4 black mambas
  Psyche (D:11)
  2 torpor snails
  15 spiny frogs
  3 rime drakes
  13 komodo dragons
  A tengu conjurer (D:15)
  The ghost of Schimscham the Shield-Bearer, an amateur MiFi (D:4)
  2 trolls
  4 two-headed ogres (D:15)
  32 blink frogs
  A snapping turtle (Lair:3)
  A vampire (D:11)
  A hog (shapeshifter) (D:11)
  29 yaks
  A steam dragon (D:9)
  A wraith (D:11)
  6 hippogriffs
  Grum (D:9)
  A hill giant zombie (D:10)
  A wyvern (D:8)
  3 basilisks
  3 hungry ghosts
  Menkaure (D:7)
  7 swamp worms (Lair:2)
  2 nagas
  25 water moccasins
  3 hell hounds
  5 orc warriors
  7 porcupines
  7 phantoms
  3 sky beasts
  A wasp (D:10)
  7 ogres
  6 centaurs
  6 wolves
  19 crocodiles
  3 big kobolds
  14 giant frogs
  3 scorpions
  A wyvern skeleton (D:7)
  7 killer bees
  3 spriggan skeletons (D:12)
  7 wights
  A troll skeleton (D:12)
  An electric eel (Lair:3)
  2 howler monkeys
  4 crimson imps
  A wasp zombie (D:7)
  A giant frog zombie (D:11)
  10 orc priests
  3 jellies
  2 giant frog skeletons
  9 orc wizards
  5 hounds
  5 centaur skeletons
  12 iguanas
  7 worker ants
  9 sheep
  2 ogre zombies (D:10)
  A hound skeleton (D:7)
  2 hound zombies
  3 gnolls (D:8)
  19 adders
  A howler monkey skeleton (D:5)
  54 river rats
  3 shadow imps
  4 oozes
  2 adder skeletons
  An adder zombie (D:7)
  2 dart slugs (D:1)
  13 worms
  10 giant geckos
  52 orcs
  6 giant cockroaches
  8 goblins
  7 hobgoblins
  11 jackals
  9 quokkas
  7 bats
  A giant gecko skeleton (D:4)
  2 giant gecko zombies
  2 giant newts
  4 goblin zombies (D:10)
  2 hobgoblin skeletons (D:10)
  A hobgoblin zombie (D:10)
  A jackal skeleton (D:3)
  19 kobolds
  2 orc skeletons (D:10)
  10 orc zombies (D:10)
  8 rats
  A fungus (Lair:7)
  A plant (Lair:2)
659 creatures vanquished.

Vanquished Creatures (collateral kills)
  Agnes (D:15)
  An ogre mage (D:15)
  A tengu warrior (D:15)
  A spiny frog (Lair:8)
  A two-headed ogre (D:15)
  2 blink frogs
  A boulder beetle (Lair:8)
  A hungry ghost (D:10)
  A hippogriff (D:10)
  4 ogres
  2 sheep (Lair:8)
  5 ogre zombies (D:10)
  2 river rats (Lair:8)
  An orc (D:10)
  A hobgoblin skeleton (D:10)
  An orc skeleton (D:10)
  4 orc zombies (D:10)
30 creatures vanquished.

Vanquished Creatures (others)
  12 fungi
  5 plants
  15 toadstools (D:3)
32 creatures vanquished.

Grand Total: 721 creatures vanquished

Notes
Turn   | Place    | Note
--------------------------------------------------------------
     0 | D:1      | TrCK the Troll Fighter began the quest for the Orb.
     0 | D:1      | Reached XP level 1. HP: 22/22 MP: 0/0
   239 | D:1      | Reached XP level 2. HP: 29/29 MP: 1/1
   418 | D:1      | Reached skill level 3 in Unarmed Combat
  1005 | D:2      | Reached XP level 3. HP: 36/36 MP: 2/2
  1063 | D:2      | Found a sacrificial altar of Ru.
  1102 | D:2      | Found an opulent altar of Gozag.
  1197 | D:2      | Found a burning altar of Makhleb.
  1303 | D:2      | Reached skill level 4 in Unarmed Combat
  1568 | D:3      | Reached XP level 4. HP: 44/44 MP: 3/3
  1921 | D:3      | Found a blossoming altar of Fedhas.
  1936 | D:3      | Noticed an oklob plant
  2088 | D:3      | Found an oddly glowing altar of Pakellas.
  2361 | D:3      | Reached skill level 5 in Unarmed Combat
  2398 | D:4      | Noticed Schimscham's ghost (amateur MiFi)
  2406 | D:4      | Killed Schimscham's ghost
  2406 | D:4      | Reached skill level 6 in Unarmed Combat
  2406 | D:4      | Reached XP level 5. HP: 37/50 MP: 4/4
  2406 | D:4      | Reached XP level 6. HP: 43/59 MP: 5/5
  2521 | D:4      | Reached skill level 7 in Unarmed Combat
  2610 | D:4      | Reached XP level 7. HP: 34/66 MP: 6/6
  2818 | D:4      | Found a staircase to the Ecumenical Temple.
  2834 | Temple   | Entered the Ecumenical Temple
  2882 | D:4      | Found a shimmering altar of Xom.
  2888 | D:4      | Became a worshipper of Xom of Chaos
  3341 | D:5      | Entered Level 5 of the Dungeon
  3401 | D:5      | Reached skill level 8 in Unarmed Combat
  3521 | D:5      | XOM: divination: magic mapping
  3553 | D:5      | Reached skill level 1 in Throwing
  3554 | D:5      | XOM: potion effect (agility)
  3563 | D:5      | XOM: harmless Trmt miscast
  3663 | D:5      | XOM: harmless Tloc miscast
  3803 | D:6      | XOM: blink monster(s)
  3814 | D:6      | Reached skill level 9 in Unarmed Combat
  3814 | D:6      | Reached XP level 8. HP: 58/74 MP: 7/7
  3900 | D:6      | XOM: polymorph orc priest -> giant frog
  3946 | D:6      | XOM: polymorph hound -> scorpion
  4030 | D:6      | Found Ilokac's Armour Shop.
  4177 | D:6      | Found a stormy altar of Qazlal.
  4522 | D:6      | Reached skill level 10 in Unarmed Combat
  4851 | D:6      | Bought the +1 cloak "Jovo Unk" {rF+ Dex+3} for 298 gold pieces
  4898 | D:7      | Found Vaawiveh's Distillery.
  4973 | D:7      | XOM: 7-stop teleportation journey
  5044 | D:7      | Noticed Menkaure
  5054 | D:7      | Killed Menkaure
  5072 | D:7      | Reached XP level 9. HP: 35/84 MP: 8/8
  5189 | D:7      | Reached skill level 5 in Throwing
  5290 | D:7      | Found an iron altar of Okawaru.
  5582 | D:7      | Bought a potion of heal wounds for 60 gold pieces
  5582 | D:7      | Bought a potion of curing for 36 gold pieces
  5800 | D:8      | XOM: 7-stop teleportation journey
  5816 | D:8      | XOM: mild Chrm miscast
  5904 | D:8      | Found a white marble altar of Elyvilon.
  5967 | D:8      | Noticed Erolcha
  5976 | D:8      | Killed Erolcha
  5976 | D:8      | Reached skill level 5 in Fighting
  5984 | D:8      | Found Eleasal's Food Shoppe.
  6049 | D:8      | XOM: medium Trmt miscast
  6130 | D:8      | Found Zuiguoc's Book Shoppe.
  6141 | D:8      | Found Idag Yje's Antique Armour Emporium.
  6346 | D:8      | Gained mutation: You are partially covered in rough black scales (AC +4, Dex -1). [mutagenic meat]
  6347 | D:8      | Gained mutation: You have a pair of small horns on your head. [mutagenic meat]
  6348 | D:8      | Gained mutation: You occasionally shout uncontrollably at your foes. [mutagenic meat]
  6373 | D:8      | XOM: summons 4 hostile demons
  6473 | D:9      | Noticed Sanvar's ghost (novice GrFi)
  6477 | D:9      | XOM: summons 4 hostile shadow creatures
  6483 | D:9      | XOM: confusion (+ monsters)
  6516 | D:9      | Killed Sanvar's ghost
  6516 | D:9      | Reached XP level 10. HP: 91/100 MP: 9/9
  6608 | D:9      | XOM: harmless Conj miscast
  6697 | D:9      | XOM: 3-stop teleportation journey
  6808 | D:9      | XOM: blink monster(s)
  7157 | D:9      | Noticed Grum
  7167 | D:9      | Killed Grum
  7347 | D:10     | Entered Level 10 of the Dungeon
  7347 | D:10     | Noticed a cyclops
  7395 | D:10     | XOM: mild Ice miscast
  7397 | D:10     | XOM: butterfly on damage
  7520 | D:10     | XOM: scenery: create altars
  7596 | D:10     | Killed a cyclops
  7676 | D:10     | Reached skill level 11 in Unarmed Combat
  7697 | D:10     | Found a staircase to the Orcish Mines.
  7717 | D:10     | Reached XP level 11. HP: 104/111 MP: 10/10
  7859 | D:10     | XOM: vitrification
  7966 | D:10     | XOM: smoke on damage
  8122 | D:11     | Noticed Psyche
  8124 | D:11     | Killed Psyche
  8230 | D:11     | Noticed a hill giant
  8241 | D:11     | Killed a hill giant
  8479 | D:11     | Found a staircase to the Lair.
  8530 | D:11     | Reached skill level 12 in Unarmed Combat
  8758 | D:11     | XOM: summons friendly crimson imp
  8769 | D:11     | XOM: divination: detect creatures
  9166 | Lair:1   | Entered Level 1 of the Lair of Beasts
  9352 | Lair:1   | XOM: polymorph porcupine -> naga
  9390 | Lair:1   | Noticed a five-headed hydra
  9399 | Lair:1   | Killed a five-headed hydra
  9423 | Lair:1   | XOM: medium Summ miscast
  9425 | Lair:1   | XOM: enchant monster (good)
  9428 | Lair:1   | XOM: summons 7 friendly demons
  9557 | Lair:1   | XOM: harmless Trmt miscast
  9558 | Lair:1   | Reached skill level 13 in Unarmed Combat
  9676 | Lair:1   | XOM: vitrification
  9826 | Lair:1   | XOM: mild Chrm miscast
 10070 | Lair:2   | XOM: divination: detect creatures
 10084 | Lair:2   | XOM: harmless Trmt miscast
 10257 | Lair:2   | XOM: 1-stop teleportation journey
 10267 | Lair:2   | XOM: divination: detect creatures
 10277 | Lair:2   | XOM: destruction
 10397 | Lair:2   | Reached XP level 12. HP: 124/124 MP: 11/11
 10528 | Lair:2   | XOM: cast spell 'Confusing Touch'
 10722 | Lair:2   | XOM: god gift: inconspicuous book {god gift}
 10723 | Lair:2   | Identified Igich's Papyrus of the Lethal Blaze (Xom gifted it to you on level 2 of the Lair of Beasts)
 10816 | Lair:2   | Noticed a four-headed hydra
 10820 | Lair:2   | Killed a four-headed hydra
 10870 | Lair:2   | XOM: scenery: create altars
 11084 | Lair:2   | Reached skill level 14 in Unarmed Combat
 11365 | Lair:3   | Noticed Sonja
 11388 | Lair:2   | XOM: give mutations
 11388 | Lair:2   | Gained mutation: Your spells are a little harder to cast, but a little more powerful. [Xom's grace]
 11388 | Lair:2   | Gained mutation: Your mind is acute. (Int +2) [Xom's grace]
 11388 | Lair:2   | Gained mutation: You are partially covered in molten scales (AC +1). [Xom's grace]
 11448 | Lair:3   | Killed Sonja
 11493 | Lair:3   | Noticed a catoblepas
 11495 | Lair:3   | Found a staircase to the Shoals.
 11495 | Lair:3   | XOM: 7-stop teleportation journey
 11659 | Lair:3   | XOM: fake destruction
 11684 | Lair:3   | XOM: destruction
 11694 | Lair:3   | Reached skill level 10 in Fighting
 11769 | Lair:3   | XOM is BORED!
 11769 | Lair:3   | XOM: summons 3 hostile shadow creatures
 11770 | Lair:3   | Noticed a six-headed hydra
 11861 | Lair:3   | XOM: swap monsters
 12044 | Lair:3   | XOM: polymorph crocodile -> hell hound
 12044 | Lair:3   | XOM: smoke on damage
 12054 | Lair:3   | XOM: fog
 12118 | Lair:3   | XOM: vitrification
 12161 | Lair:3   | XOM: summons friendly quasit
 12166 | Lair:3   | Killed a catoblepas
 12202 | Lair:3   | Reached skill level 15 in Unarmed Combat
 12202 | Lair:3   | XOM: scenery: create altars
 12223 | Lair:3   | Reached skill level 1 in Evocations
 12243 | Lair:3   | Noticed a merfolk impaler
 12252 | Lair:3   | XOM: enchant monster (good)
 12253 | Lair:3   | Killed a merfolk impaler
 12364 | Lair:3   | XOM: vitrification
 12421 | Lair:3   | Noticed a five-headed hydra
 12423 | Lair:3   | Killed a five-headed hydra
 12536 | Lair:3   | Identified Ujutatt's Grimoire of Augmentations and Orientation
 12612 | Lair:4   | Noticed a death yak
 12612 | Lair:4   | Noticed a death yak
 12613 | Lair:4   | XOM: confuse monster(s)
 12620 | Lair:4   | Killed a death yak
 12621 | Lair:4   | Noticed a catoblepas
 12621 | Lair:4   | a death yak changed into a catoblepas
 12621 | Lair:4   | XOM: polymorph death yak -> catoblepas
 12634 | Lair:4   | XOM: enchant monster (bad)
 12635 | Lair:4   | Killed a catoblepas
 12635 | Lair:4   | Reached XP level 13. HP: 125/133 MP: 12/14
 13256 | Lair:4   | XOM: colour smoke trail
 13257 | Lair:4   | Gained mutation: You regenerate. [potion of mutation]
 13257 | Lair:4   | Lost mutation: You have a pair of small horns on your head. [potion of mutation]
 13453 | Lair:4   | Reached skill level 10 in Throwing
 13820 | Lair:4   | Gained mutation: You are partially covered in slimy green scales (AC +2). [potion of beneficial mutation]
 13821 | Lair:4   | Gained mutation: You are agile. (Dex +2) [potion of beneficial mutation]
 13843 | Lair:5   | XOM: repel stairs
 13850 | Lair:5   | XOM: 4-stop teleportation journey
 13866 | Lair:5   | XOM: give mutation
 13866 | Lair:5   | Gained mutation: You expend magic power (3 MP) to strengthen your wands. [Xom's mischief]
 13925 | Lair:5   | XOM: medium Hex miscast
 14065 | Lair:5   | Found a staircase to the Snake Pit.
 14074 | Lair:5   | XOM: 3-stop teleportation journey
 14195 | Lair:5   | XOM: harmless Air miscast
 14410 | Lair:5   | Found a runed door.
 14770 | Lair:5   | Reached skill level 5 in Evocations
 14770 | Lair:5   | XOM: mild Necr miscast
 14866 | Lair:5   | XOM: divination: magic mapping
 14895 | Lair:5   | XOM: potion effect (berserk rage)
 15191 | Lair:5   | XOM: harmless Fire miscast
 15229 | Lair:6   | Found a staircase to the Slime Pits.
 15235 | Lair:6   | Reached skill level 5 in Dodging
 15303 | Lair:6   | XOM: vitrification
 15390 | Lair:6   | XOM: cast spell 'Cause Fear'
 15935 | Lair:7   | XOM: divination: detect creatures
 15942 | Lair:7   | XOM: cast spell 'Leda's Liquefaction'
 15949 | Lair:7   | XOM: 6-stop teleportation journey
 16033 | Lair:7   | XOM: 1-stop teleportation journey
 16154 | Lair:7   | XOM: mild Divn miscast
 16311 | Lair:7   | XOM: fake destruction
 16312 | Lair:7   | XOM: summons 6 hostile demons
 16459 | Lair:7   | XOM: harmless Chrm miscast
 16650 | Lair:7   | XOM: noise
 16731 | Lair:8   | Entered Level 8 of the Lair of Beasts
 16736 | Lair:8   | XOM: harmless Air miscast
 16994 | Lair:8   | Reached XP level 14. HP: 132/143 MP: 17/17
 17039 | Lair:8   | XOM: polymorph griffon -> spark wasp
 17384 | Lair:8   | XOM: harmless Ice miscast
 17385 | Lair:8   | XOM: noise
 17597 | Lair:8   | XOM: summons 5 hostile shadow creatures
 17673 | Lair:7   | XOM: medium Divn miscast
 17687 | Lair:7   | XOM: scenery: create altars
 17929 | Lair:8   | XOM: harmless Trmt miscast
 17967 | Lair:8   | XOM: harmless Pois miscast
 18079 | Lair:8   | XOM: give mutation
 18079 | Lair:8   | Lost mutation: You are agile. (Dex +2) [Xom's mischief]
 18086 | Lair:8   | XOM: silly message
 18089 | Lair:8   | HP: 5/143 [spark wasp (5)]
 18117 | Lair:8   | XOM: give mutations
 18117 | Lair:8   | Lost mutation: You are partially covered in slimy green scales (AC +2). [Xom's mischief]
 18117 | Lair:8   | Lost mutation: Your mind is acute. (Int +2) [Xom's mischief]
 18117 | Lair:8   | Gained mutation: Your body sometimes deteriorates upon taking damage. [Xom's mischief]
 18117 | Lair:8   | Gained mutation: Your body often deteriorates upon taking damage. [Xom's mischief]
 18184 | Lair:8   | XOM: draining
 18314 | Lair:8   | XOM: enchant monster (bad)
 18328 | Lair:8   | XOM: smoke on damage
 18329 | Lair:8   | XOM: silly message
 18376 | Lair:8   | XOM: harmless Necr miscast
 19139 | D:12     | XOM: harmless Tloc miscast
 19262 | D:12     | XOM: potion effect (haste)
 19376 | D:12     | XOM: harmless Chrm miscast
 19659 | D:12     | You fall through a shaft for 3 floors!
 19659 | D:15     | Entered Level 15 of the Dungeon
 19673 | D:15     | XOM: scenery: create altars
 19677 | D:15     | XOM: fake destruction
 19683 | D:15     | XOM: summons 11 friendly demons
 19722 | D:15     | XOM: confuse monster(s)
 19782 | D:15     | Gained mutation: You are mostly covered in molten scales (AC +3, EV -1). [mutagenic meat]
 19787 | D:15     | Noticed Agnes
 19796 | D:15     | Killed Agnes
 19844 | D:15     | XOM: give mutations
 19844 | D:15     | Gained mutation: Your flesh is cold resistant. [Xom's grace]
 19844 | D:15     | Gained mutation: You are agile. (Dex +2) [Xom's grace]
 19844 | D:15     | Gained mutation: You have supernaturally acute eyesight. [Xom's grace]
 19844 | D:15     | Gained mutation: You evolve. [Xom's grace]
 19846 | D:15     | HP: 4/143 [cyclops (9)]
 19848 | D:15     | Slain by a cyclops

Skill      XL: |  1  2  3  4  5  6  7  8  9 10 11 12 13 14 |
---------------+-------------------------------------------+-----
Unarmed Combat | 3 4 6 7 9 10 11 13 15 | 15.0
Throwing       | 2 4 7 8 9 10 | 10.1
Fighting       | 3 6 7 9 10 | 10.0
Evocations     | 2 6 8 |  8.8
Dodging        | 6 9 |  9.1
Shields        | |  2.4

Action                   |  1- 3 |  4- 6 |  7- 9 | 10-12 | 13-15 || total
-------------------------+-------+-------+-------+-------+-------++-------
Melee: Unarmed           |   109 |    86 |   382 |   576 |   707 ||  1860
       Punch             |     2 |     2 |    18 |    35 |    75 ||   132
       Headbutt          |       |       |     9 |   143 |    14 ||   166
 Fire: Blowgun           |       |       |       |     2 |       ||     2
Throw: Stone             |    12 |     3 |     3 |     6 |       ||    24
       Tomahawk          |       |       |       |    49 |    70 ||   119
       Large rock        |       |       |       |    16 |    22 ||    38
Evoke: Wand              |       |       |       |    10 |       ||    10
       Box of beasts     |       |       |       |       |     6 ||     6
  Use: Scroll            |     5 |       |     8 |     6 |    19 ||    38
       Potion            |       |     1 |     4 |     3 |    15 ||    23
 Stab: Sleeping          |       |     1 |     3 |     1 |     3 ||     8
       Confused          |       |       |     4 |       |     1 ||     5
       Distracted        |       |       |       |     2 |     4 ||     6
       Paralysed         |       |       |       |     1 |       ||     1
       Invisible         |       |       |       |       |     2 ||     2
  Eat: Chunk             |    20 |     9 |    40 |    60 |    74 ||   203
       Fruit             |       |       |       |     3 |       ||     3
Armor: Robe              |    30 |    23 |    92 |    37 |       ||   182
       Animal skin       |       |       |       |   164 |   244 ||   408
       Skin              |       |       |       |       |    40 ||    40
Dodge: Dodged            |    51 |    31 |   149 |   226 |   350 ||   807
